 Dungeon Crawl Stone Soup version 0.21.1-1-g345015f (webtiles) character file.

786 goulibeur the Distorting Demonspawn (level 7, -3/55 HPs)
             Began as a Demonspawn Abyssal Knight on July 15, 2018.
             Was a Believer of Lugonu.
             Slain by an ice beast (12 damage)
             ... on level 5 of the Dungeon.
             The game lasted 00:22:43 (8637 turns).

goulibeur the Distorting Demonspawn (DsAK)          Turns: 8637, Time: 00:22:45

Health: -3/55      AC: 11    Str: 12    XL:     7   Next: 56%
Magic:  12/12      EV:  7    Int: 13    God:    Lugonu [**....]
Gold:   189        SH:  0    Dex: 15    Spells: 6/6 levels left

rFire    . . .     SeeInvis .   a - +1 short sword
rCold    . . .     Gourm    .   (no shield)
rNeg     . . .     Faith    .   p - +0 chain mail
rPois    .         Spirit   .   (no helmet)
rElec    .         Reflect  .   (no cloak)
rCorr    .         Harm     .   (no gloves)
MR       .....                  (no boots)
Stlth    ..........             (no amulet)
HPRegen  0.18/turn              (no ring)
MPRegen  0.13/turn              (no ring)

@: no status effects
A: yellow scales 1, nightstalker 1, powered by death 1
a: Depart the Abyss, Bend Space, Renounce Religion


You were on level 5 of the Dungeon.
You worshipped Lugonu.
Lugonu was pleased with you.
You were not hungry.

You visited 1 branch of the dungeon, and saw 5 of its levels.
You visited the Abyss 1 time.

You collected 189 gold pieces.

Inventory:

Hand Weapons
 a - a +1 short sword (weapon)
Armour
 b - a +0 leather armour
 e - a +0 ring mail
 p - a +0 chain mail (worn)
Scrolls
 d - a scroll of noise {unknown}
 f - 3 scrolls of amnesia {unknown}
 h - 3 scrolls of remove curse {unknown}
 i - 10 scrolls of identify {unknown}
 l - a scroll of blinking {unknown}
 m - a scroll of teleportation {unknown}
 o - 2 scrolls of enchant weapon {unknown}
 s - 3 scrolls of fear {unknown}
Potions
 g - 3 potions of agility {unknown}
 j - 4 potions of flight {unknown}
 k - a potion of mutation {unknown}
 n - a potion of lignification {unknown}
 q - a potion of curing {unknown}
 r - a potion of experience {unknown}
 t - a potion of might {unknown}
 u - a potion of brilliance {unknown}
Comestibles
 c - 9 rations
 v - 2 chunks of flesh


   Skills:
 + Level 4.8 Fighting
 - Level 1.7 Short Blades
 + Level 3.7 Armour
 + Level 3.4 Dodging
 * Level 7.3 Invocations


You had 6 spell levels left.
You didn't know any spells.

Dungeon Overview and Level Annotations

Branches:
Dungeon (5/15)             Temple (0/1) D:4

Altars:
Dithmenos
Qazlal
Ru
Wu Jian

Annotations:
D:4 2 transporters, Terandir's ghost, amateur MiFi


Innate Abilities, Weirdness & Mutations

You are partially covered in yellow scales. (AC +2)
You are slightly more attuned to the shadows.
You regenerate a little health from kills.


Message History

The adder skeleton bites you but does no damage.
You hit the adder skeleton.
The adder skeleton is severely damaged.
The ice beast barely misses you. The adder skeleton bites you.
* * * LOW HITPOINT WARNING * * *
You hit the adder skeleton.
The adder skeleton is severely damaged.
The adder skeleton bites you but does no damage.
The ice beast hits you but does no damage.
You hit the adder skeleton.
The adder skeleton is almost destroyed.
The adder skeleton bites you but does no damage.
The ice beast hits you but does no damage.
You hit the adder skeleton.
You destroy the adder skeleton!
Lugonu accepts your kill. The ice beast hits you.
* * * LOW HITPOINT WARNING * * *
The ice beast freezes you!
You die...

.#########.#
#.#.. #.#
#)#.# #>#
#.#.# #.#
#...# #.#
#<#.# #.#
#####.#.# #.#
######........
#Y#
#......###..##
##@# #.######
##.# #..###.#
#.#
#.##...#####
.#
#.##.#.....#
.##
#.PP..####.#
.. #...8.#
#......... ##
#..[...### ..
)......... ..


You could see an ice beast.

Vanquished Creatures
  3 phantoms
  A bullfrog (D:2)
  A bullfrog zombie (D:5)
  A hound (D:2)
  2 orc wizards (D:5)
  2 bullfrog skeletons (D:5)
  An iguana (D:4)
  2 worker ants (D:4)
  2 hound skeletons
  A howler monkey skeleton (D:3)
  7 adders
  An ooze (D:2)
  An adder skeleton (D:5)
  2 worms
  3 dart slugs
  5 leopard geckos
  6 orcs
  5 goblins
  7 hobgoblins
  14 jackals
  6 kobolds
  4 quokkas
  A ball python (D:3)
  8 bats
  6 frilled lizards
  A giant cockroach zombie (D:5)
  8 rats
101 creatures vanquished.

Notes
Turn   | Place    | Note
-------+----------+-------------------------------------------
     0 | Abyss:1  | goulibeur the Demonspawn Abyssal Knight began the quest for the Orb.
     0 | Abyss:1  | Reached XP level 1. HP: 18/18 MP: 2/2
    51 | Abyss:1  | Noticed a small abomination
    52 | D:1      | Escaped the Abyss
   279 | D:1      | Reached skill level 1 in Dodging
   446 | D:1      | Reached * piety under Lugonu
   502 | D:1      | Reached skill level 3 in Invocations
   502 | D:1      | Gained mutation: You are slightly more attuned to the shadows. [demonic ancestry]
   502 | D:1      | Reached XP level 2. HP: 24/24 MP: 2/4
  1544 | D:2      | Found a sacrificial altar of Ru.
  1667 | D:2      | Gained mutation: You regenerate a little health from kills. [demonic ancestry]
  1667 | D:2      | Reached XP level 3. HP: 27/29 MP: 5/5
  1991 | D:2      | Reached skill level 4 in Invocations
  1991 | D:2      | Reached XP level 4. HP: 7/35 MP: 5/7
  2875 | D:2      | Noticed a bullfrog
  2889 | D:2      | Killed a bullfrog
  2889 | D:2      | Gained mutation: You are partially covered in yellow scales. (AC +2) [demonic ancestry]
  2889 | D:2      | Reached XP level 5. HP: 17/42 MP: 8/8
  3326 | D:3      | Reached skill level 5 in Invocations
  3550 | D:3      | Reached ** piety under Lugonu
  4165 | D:3      | You fall through a shaft!
  4198 | D:4      | Noticed a phantom
  4341 | D:4      | Found a transporter.
  4816 | D:4      | Killed a phantom
  4816 | D:4      | Reached XP level 6. HP: 20/48 MP: 10/10
  5118 | D:4      | Found a stormy altar of Qazlal.
  5118 | D:4      | Found an ornate altar of the Wu Jian Council.
  5123 | D:4      | Noticed Terandir's ghost (amateur MiFi)
  5137 | D:4      | Found a staircase to the Ecumenical Temple.
  5571 | D:4      | Found a shadowy altar of Dithmenos.
  5783 | D:4      | Found a transporter.
  5885 | D:4      | Reached skill level 6 in Invocations
  6911 | D:5      | Entered Level 5 of the Dungeon
  7620 | D:5      | Reached XP level 7. HP: 51/55 MP: 11/11
  8299 | D:5      | Reached skill level 7 in Invocations
  8637 | D:5      | Slain by an ice beast

Skill      XL: |  1  2  3  4  5  6  7 |
---------------+----------------------+-----
Dodging        | 1 2 3 |  3.4
Invocations    | 3 4 5 6 7 |  7.3
Armour         | 2 3 |  3.7
Fighting       | 4 |  4.8
Short Blades   | |  1.7

Action                   |  1- 3 |  4- 6 |  7- 9 || total
-------------------------+-------+-------+-------++-------
Melee: Short sword       |   128 |   465 |   206 ||   799
Invok: Depart the Abyss  |     1 |       |       ||     1
 Stab: Sleeping          |     2 |     5 |       ||     7
  Eat: Chunk             |     3 |    15 |     1 ||    19
       Ration            |       |     1 |     1 ||     2
Armor: Ring mail         |    43 |    67 |       ||   110
       Leather armour    |     1 |       |       ||     1
       Chain mail        |       |   169 |   115 ||   284
Dodge: Dodged            |    77 |   191 |    59 ||   327
